 Dungeon Crawl Stone Soup version 0.29.1-12-g30fa7ad0bf (webtiles) character file.

Game seed: 6249995781868785215

8 FaviusArthum the Grave Robber (level 2, 15/15 HPs)
             Began as a Deep Elf Necromancer on Jan 5, 2023.
             Quit the game on level 1 of the Dungeon.
             The game lasted 00:02:10 (444 turns).

FaviusArthum the Grave Robber (Deep Elf Necromancer) Turns: 444, Time: 00:02:10

Health: 15/15      AC:  2    Str:  5    XL:     2   Next: 0%
Magic:  8/8        EV: 12    Int: 19    God:
Gold:   11         SH:  0    Dex: 15    Spells: 6/7 levels left

rFire   . . .      SeeInvis .   e - +1 short sword (protect)
rCold   . . .      Faith    .   (no shield)
rNeg    . . .      Spirit   .   a - +0 robe
rPois   .          Reflect  .   (no helmet)
rElec   .          Harm     .   (no cloak)
rCorr   .          Rampage  .   (no gloves)
Will    .....                   (no boots)
Stlth   ++........              (no amulet)
HPRegen 0.05/turn               (no ring)
MPRegen 0.11/turn               (no ring)

@: no status effects
A: no striking features
a: no special abilities


You were on level 1 of the Dungeon.
You visited 1 branch of the dungeon, and saw 1 of its levels.

You collected 11 gold pieces.

Inventory:

Hand Weapons
 c - a +0 hand axe
 e - a +1 short sword of protection (weapon)
Armour
 a - a +0 robe (worn)
Scrolls
 d - a scroll of poison {unknown}
 f - a scroll of noise {unknown}
Potions
 b - a potion of magic


   Skills:
 + Level 2.5 Dodging
 + Level 2.4 Stealth
 + Level 3.1 Spellcasting
 + Level 5.2 Necromancy


You had 6 spell levels left.
You knew the following spells:

 Your Spells              Type           Power      Damage    Failure   Level
a - Necrotise             Necr           92%        1d8       1%          1

Your spell library contained the following spells:

 Spells                   Type           Power      Damage    Failure   Level
 Vampiric Draining        Necr           23%        2d7       5%          3
 Animate Dead             Necr           23%        N/A       17%         4
 Agony                    Necr           23%        N/A       43%         5
 Anguish                  Hex/Necr       6%         N/A       45%         4
 Enfeeble                 Hex            1%         N/A       100%        7


Dungeon Overview and Level Annotations

Branches:
Dungeon (1/15)

Altars:


Message History

You swap places.
A giant cockroach comes into view.
Casting: Necrotise (safe; 1% risk of failure)
Confirm with . or Enter, or press ? or * to list all spells.
You can't see any susceptible monsters within range! (Use Z to cast anyway.)
Casting: Necrotise (safe; 1% risk of failure)
Confirm with . or Enter, or press ? or * to list all spells.
You can't see any susceptible monsters within range! (Use Z to cast anyway.)
Casting: Necrotise (safe; 1% risk of failure)
Confirm with . or Enter, or press ? or * to list all spells.
You can't see any susceptible monsters within range! (Use Z to cast anyway.)
Casting: Necrotise (safe; 1% risk of failure)
Confirm with . or Enter, or press ? or * to list all spells.
Aiming: Necrotise (safe; 1% risk of failure)
Press: ? - help, Shift-Dir - straight line, f - giant cockroach
Aim: a giant cockroach (asleep, ally target, chance to affect: 91%)
The giant cockroach writhes in agony.
You kill the giant cockroach!
Found a book of Maledictions.
You swap places.
Magic restored.
Your rat skeleton crumbles into dust!
Found a stone staircase leading down.
Found a scroll labelled IDEJYA FAFAH HAUKO.
A frilled lizard comes into view.
You see here a book of Maledictions.
You pick up a book of Maledictions and begin reading...
You add the spells Anguish and Enfeeble to your library.
The frilled lizard hisses angrily.
The frilled lizard bites you but does no damage.
You miss the frilled lizard. The frilled lizard barely misses you.
You hit the frilled lizard.
Your weapon exudes an aura of protection.
You kill the frilled lizard!
You have reached level 2!
f - a scroll labelled IDEJYA FAFAH HAUKO
Okay, then.
Welcome back, FaviusArthum the Deep Elf Necromancer.
Press ? for a list of commands and other information.
Are you sure you want to abandon this character and quit the game? (Confirm with "yes".)

#####.#.#..
#.#.####
#.#..
#.#####
#.#...#
#.....#
###.###
#.###.#
#...@.#
#######


There were no monsters in sight!

Vanquished Creatures
  A giant cockroach (D:1)
  A bat (D:1)
  A frilled lizard (D:1)
  2 kobolds (D:1)
  3 rats (D:1)
8 creatures vanquished.

Vanquished Creatures (collateral kills)
  A giant cockroach (D:1)
  A kobold (D:1)
2 creatures vanquished.

Grand Total: 10 creatures vanquished

Notes
Turn   | Place    | Note
-------+----------+-------------------------------------------
     0 | D:1      | FaviusArthum the Deep Elf Necromancer began the quest for
                  | the Orb.
     0 | D:1      | Reached XP level 1. HP: 10/10 MP: 6/6
   131 | D:1      | Reached skill level 5 in Necromancy
   424 | D:1      | Reached XP level 2. HP: 15/15 MP: 8/8
   444 | D:1      | Quit the game

Illustrated notes

Levels and vault maps discovered:
D:1:      matt_arrival_diagonals, layout_basic

Skill      XL: |  1 |
---------------+----+-----
Necromancy     | 5 |  5.2
Dodging        | |  2.5
Stealth        | |  2.4
Spellcasting   | |  3.1

Action                   || total
-------------------------++-------
Melee: Short sword       ||     2
       Hand axe          ||     2
       Unarmed           ||     2
 Cast: Necrotise         ||     9
Armor: Robe              ||     1
Dodge: Dodged            ||     6
